Monsters vs Icehogs
(R1)
Created - June 18, 2023 at 22:10
Goals
|
| Monsters |
0 |
2 |
0 |
2 |
| Icehogs |
0 |
2 |
1 |
3 |
|
Shots
|
| Monsters |
12 |
12 |
4 |
28 |
| Icehogs |
8 |
22 |
11 |
41 |
|
1st period
No Goal
Penalties :
Mike Reilly (Roc) for Holding (Minor) at 3:55, Matt Grzelcyk (Cle) for Holding (Minor) at 11:52
2nd period
1. Icehogs , Mikhail Grigorenko 4 (Calle Andersson 2, Nick Mattson 7) at 15:45
2. Icehogs , Andrew Mangiapane 5 (Nick Mattson 8, Clark Bishop 6) at 17:28 (PP)
3. Monsters , Austin Watson 6 (Zac Dalpe 14, Aaron Ness 6) at 18:08
4. Monsters , Jared Knight 3 (Dillon Heatherington 6, Zac Dalpe 15) at 19:46 (PP)
Penalties :
Aaron Ness (Cle) for Hooking (Minor) at 4:07, Nick Mattson (Roc) for Interference (Minor) at 13:33, Zac Dalpe (Cle) for Tripping (Minor) at 16:54, Andrew Mangiapane (Roc) for Interference (Minor) at 19:12
3rd period
5. Icehogs , Stefan Matteau 7 (Michael Chaput 9, Hudson Fasching 7) at 14:22 (PP)
Penalties :
Aaron Ness (Cle) for Roughing (Minor) at 2:36, Gerald Mayhew (Cle) for Roughing (Minor) at 13:39, Jared Knight (Cle) for Hooking (Minor) at 14:30, Ryan Fitzgerald (Cle) for Slashing (Double Minor) at 17:41
Goalie Stats
Maxime Lagace (Cle), 38 saves from 41 shots - (0.927), L, 5-5-0, 60:00 minutes
Mark Visentin (Roc), 26 saves from 28 shots - (0.929), W, 1-1-0, 60:00 minutes
Players Stats for Monsters
Player Name G A P +/- PIM S H SB GA TA FO MP PP MP PK MP
------------------------------------------------------------------------------------
Aaron Ness 0 1 1 1 4 3 0 3 2 3 0/0 27:29 2:58 5:14
Alex Schoenborn 0 0 0 0 0 0 0 0 0 0 0/0 0:20 0:08 0:00
Alexandre Texier 0 0 0 0 0 0 0 0 0 0 0/0 0:00 0:00 0:00
Austin Watson 1 0 1 1 0 5 4 0 0 1 3/3 19:42 2:27 3:03
Carl Grundstrom 0 0 0 0 0 0 2 0 0 0 0/0 6:56 0:00 0:00
Daniel Sprong 0 0 0 0 0 0 0 0 0 0 0/0 0:00 0:00 0:00
Dillon Heatherington 0 1 1 1 0 0 3 0 0 2 0/0 29:39 2:58 6:59
Francis Perron 0 0 0 0 0 0 0 0 0 0 0/0 1:35 0:00 1:35
Gerald Mayhew 0 0 0 0 2 0 0 0 0 0 1/2 13:46 1:48 0:00
Jakub Vrana 0 0 0 0 0 3 3 0 2 0 0/0 17:12 1:48 3:03
Jared Knight 1 0 1 0 2 3 1 1 1 0 8/10 14:29 1:48 0:29
Jesse Graham 0 0 0 -1 0 0 0 0 0 0 0/0 19:50 1:34 4:40
Joakim Nordstrom 0 0 0 0 0 3 4 0 0 0 0/0 6:56 0:00 0:00
Justin Bailey 0 0 0 1 0 4 2 1 0 1 3/5 23:24 2:36 6:33
Marc Michaelis 0 0 0 -1 0 1 2 1 0 0 0/0 10:13 0:00 0:00
Matt Grzelcyk 0 0 0 -1 2 0 1 0 1 0 0/0 19:31 1:34 3:35
Maxim Mamin 0 0 0 0 0 0 0 0 0 0 2/4 6:56 0:00 0:00
Nathan Noel 0 0 0 0 0 0 0 0 0 0 0/2 2:36 0:00 2:36
Richard Nejezchleb 0 0 0 -1 0 0 0 0 0 0 0/0 10:13 0:00 0:00
Ryan Fitzgerald 0 0 0 -1 4 3 1 2 0 0 1/4 10:12 0:00 0:00
Tarmo Reunanen 0 0 0 0 0 0 0 0 0 0 0/0 12:45 0:00 1:58
Trevor Moore 0 0 0 0 0 0 1 0 0 0 0/0 0:29 0:17 0:00
Victor Mete 0 0 0 0 0 0 1 0 0 0 0/0 11:16 0:00 0:36
Vladimir Tkachev 0 0 0 0 0 0 0 0 0 0 0/0 0:20 0:08 0:00
Zac Dalpe 0 2 2 1 2 3 1 0 2 1 16/34 22:33 2:36 5:43
Players Stats for Icehogs
Player Name G A P +/- PIM S H SB GA TA FO MP PP MP PK MP
------------------------------------------------------------------------------------
Andrew Mangiapane 1 0 1 0 2 4 4 0 0 2 1/1 19:56 5:28 1:51
Calle Andersson 0 1 1 1 0 0 0 0 0 0 0/0 12:22 0:00 1:52
Clark Bishop 0 1 1 0 0 0 0 0 0 1 2/9 18:25 5:28 0:19
Duncan Siemens 0 0 0 0 0 1 0 1 0 1 0/0 19:49 3:57 1:38
Hudson Fasching 0 1 1 -1 0 5 4 1 1 1 1/1 20:21 5:53 0:00
Jeremy Davies 0 0 0 1 0 1 0 0 0 0 0/0 10:00 0:00 0:00
JJ. Piccinich 0 0 0 0 0 0 1 0 0 0 0/0 5:34 0:07 0:00
Julius Honka 0 0 0 0 0 1 1 3 0 0 0/0 19:37 3:57 1:29
Kristian Reichel 0 0 0 1 0 0 2 0 0 0 0/4 11:06 0:00 0:00
Kurtis Gabriel 0 0 0 0 0 4 1 2 1 0 0/1 18:06 5:28 0:00
Mattias Janmark 0 0 0 0 0 0 0 0 0 0 0/0 1:36 0:10 1:09
Michael Chaput 0 1 1 -1 0 7 0 0 1 1 22/38 21:31 5:53 1:07
Mike Reilly 0 0 0 -1 2 0 3 2 1 1 0/0 25:51 7:34 1:43
Mikhail Grigorenko 1 0 1 1 0 3 1 0 0 0 0/0 12:16 0:00 1:07
Mitchell Chaffee 0 0 0 0 0 0 0 0 0 0 0/0 0:00 0:00 0:00
Myles Bell 0 0 0 0 0 0 0 0 0 0 0/0 2:38 0:13 0:00
Nick Mattson 0 2 2 -1 2 4 3 2 1 1 0/0 28:37 7:34 1:45
Nick Paul 0 0 0 0 0 1 0 0 1 0 0/0 5:25 0:00 0:00
Patrick Russell 0 0 0 1 0 2 0 1 0 0 0/0 11:06 0:00 0:00
Ross Johnston 0 0 0 0 0 0 0 0 0 0 0/0 1:26 0:00 1:11
Stefan Matteau 1 0 1 -1 0 8 0 1 2 0 4/10 25:43 5:53 2:20
Zach Whitecloud 0 0 0 0 0 0 0 0 0 0 0/0 4:00 0:00 0:37
3 Stars
1 - Austin Watson (Cle)
2 - Mikhail Grigorenko (Roc)
3 - Andrew Mangiapane (Roc)
Power Play
Monsters - 1 on 3 Attempt(s) - 33.33%
Icehogs - 2 on 8 Attempt(s) - 25.00%
Penalty Kill
Monsters - 6 on 8 Attempt(s) - 75.00%
- Score 0 goal in Penalty Kill
Icehogs - 2 on 3 Attempt(s) - 66.67%
- Score 0 goal in Penalty Kill
Team Stat
Monsters - Hits : 26 - Faceoff Wins : 34 - Blocked Shots : 8 - Penalty Minutes : 16
Icehogs - Hits : 20 - Faceoff Wins : 30 - Blocked Shots : 13 - Penalty Minutes : 6
Official
Referees : Corey Syvret and Beaudry Halkidis
Linesman : Matt MacPherson and Andrew Smith
Game Notes
No Game Note
Finance
Level 1 -- Attendance: 2000 (100.00%) -- Ticket Income $70,000
Level 2 -- Attendance: 1000 (100.00%) -- Ticket Income $15,000
Total Attendance: 3000 (100.00%)
Total Ticket Income: $85,000
Other Income: $4,250
Total Income: $89,250
Monsters
5 vs 5 Forward
Center Left Wing Right Wing Time % Phy DF OF
1 Zac Dalpe Justin Bailey Austin Watson 40 1 2 2
2 Jared Knight Jakub Vrana Gerald Mayhew 30 1 2 2
3 Ryan Fitzgerald Marc Michaelis Richard Nejezchleb 20 1 2 2
4 Maxim Mamin Joakim Nordstrom Carl Grundstrom 10 1 2 2
5 vs 5 Defense
Defense Defense Time % Phy DF OF
1 Aaron Ness Dillon Heatherington 40 1 2 2
2 Matt Grzelcyk Jesse Graham 30 1 2 2
3 Victor Mete Tarmo Reunanen 20 1 2 2
4 Aaron Ness Dillon Heatherington 10 1 2 2
PowerPlay Forward
Center Left Wing Right Wing Time % Phy DF OF
1 Zac Dalpe Justin Bailey Austin Watson 60 1 2 2
2 Jared Knight Jakub Vrana Gerald Mayhew 40 1 2 2
PowerPlay Defense
Defense Defense Time % Phy DF OF
1 Aaron Ness Dillon Heatherington 60 1 2 2
2 Matt Grzelcyk Jesse Graham 40 1 2 2
Penalty Kill 4 Players Forward
Center Wing Time % Phy DF OF
1 Zac Dalpe Justin Bailey 60 1 2 2
2 Austin Watson Jakub Vrana 40 1 2 2
Penalty Kill 4 Players Defense
Defense Defense Time % Phy DF OF
1 Aaron Ness Dillon Heatherington 60 1 2 2
2 Matt Grzelcyk Jesse Graham 40 1 2 2
Penalty Kill - 3 Players Forward
Forward Time % Phy DF OF
1 Zac Dalpe 60 1 2 2
2 Justin Bailey 40 1 2 2
Penalty Kill - 3 Players Defense
Defense Defense Time % Phy DF OF
1 Aaron Ness Dillon Heatherington 60 1 2 2
2 Matt Grzelcyk Jesse Graham 40 1 2 2
4 vs 4 Forward
Center Wing Time % Phy DF OF
1 Zac Dalpe Justin Bailey 60 1 2 2
2 Austin Watson Jakub Vrana 40 1 2 2
4 vs 4 Defense
Defense Defense Time % Phy DF OF
1 Aaron Ness Dillon Heatherington 60 1 2 2
2 Matt Grzelcyk Jesse Graham 40 1 2 2
Last Minutes Offensive
Center Left Wing Right Wing Defense Defense
Zac Dalpe Justin Bailey Austin Watson Aaron Ness Dillon Heatherington
Last Minutes Defensive
Center Left Wing Right Wing Defense Defense
Zac Dalpe Justin Bailey Austin Watson Aaron Ness Dillon Heatherington
Goaltenders
Starting : Maxime Lagace
Backup : Connor Hellebyuk
Extra Forwards
Normal : Trevor Moore, Vladimir Tkachev, Nathan Noel - PP : Trevor Moore, Vladimir Tkachev - PK : Nathan Noel
Extra Defensemen
Normal : Victor Mete, Tarmo Reunanen, Matt Grzelcyk - PP : Victor Mete - PK : Tarmo Reunanen, Matt Grzelcyk
Penalty Shots
Zac Dalpe, Justin Bailey, Austin Watson, Jakub Vrana, Jared Knight
Scratches
Cameron Hughes (Healthy), Collin Miller (Healthy), Zachary Senyshyn (Healthy), Peyton Jones (Healthy)
Icehogs
5 vs 5 Forward
Center Left Wing Right Wing Time % Phy DF OF
1 Michael Chaput Stefan Matteau Hudson Fasching 40 1 2 2
2 Clark Bishop Andrew Mangiapane Kurtis Gabriel 30 1 2 2
3 Kristian Reichel Mikhail Grigorenko Patrick Russell 20 1 2 2
4 Stefan Matteau Nick Paul JJ. Piccinich 10 1 2 2
5 vs 5 Defense
Defense Defense Time % Phy DF OF
1 Nick Mattson Mike Reilly 40 1 2 2
2 Julius Honka Duncan Siemens 30 1 2 2
3 Jeremy Davies Calle Andersson 20 1 2 2
4 Zach Whitecloud Nick Mattson 10 1 2 2
PowerPlay Forward
Center Left Wing Right Wing Time % Phy DF OF
1 Michael Chaput Stefan Matteau Hudson Fasching 60 1 2 2
2 Clark Bishop Andrew Mangiapane Kurtis Gabriel 40 1 2 2
PowerPlay Defense
Defense Defense Time % Phy DF OF
1 Nick Mattson Mike Reilly 60 1 2 2
2 Julius Honka Duncan Siemens 40 1 2 2
Penalty Kill 4 Players Forward
Center Wing Time % Phy DF OF
1 Stefan Matteau Andrew Mangiapane 60 1 2 2
2 Mikhail Grigorenko Michael Chaput 40 1 2 2
Penalty Kill 4 Players Defense
Defense Defense Time % Phy DF OF
1 Nick Mattson Mike Reilly 60 1 2 2
2 Julius Honka Duncan Siemens 40 1 2 2
Penalty Kill - 3 Players Forward
Forward Time % Phy DF OF
1 Stefan Matteau 60 1 2 2
2 Andrew Mangiapane 40 1 2 2
Penalty Kill - 3 Players Defense
Defense Defense Time % Phy DF OF
1 Nick Mattson Mike Reilly 60 1 2 2
2 Julius Honka Duncan Siemens 40 1 2 2
4 vs 4 Forward
Center Wing Time % Phy DF OF
1 Stefan Matteau Andrew Mangiapane 60 1 2 2
2 Mikhail Grigorenko Michael Chaput 40 1 2 2
4 vs 4 Defense
Defense Defense Time % Phy DF OF
1 Nick Mattson Mike Reilly 60 1 2 2
2 Julius Honka Duncan Siemens 40 1 2 2
Last Minutes Offensive
Center Left Wing Right Wing Defense Defense
Michael Chaput Stefan Matteau Hudson Fasching Nick Mattson Mike Reilly
Last Minutes Defensive
Center Left Wing Right Wing Defense Defense
Michael Chaput Stefan Matteau Hudson Fasching Nick Mattson Mike Reilly
Goaltenders
Starting : Mark Visentin
Backup : Mackenzie Blackwood
Extra Forwards
Normal : Myles Bell, Mattias Janmark, Ross Johnston - PP : Myles Bell, Mattias Janmark - PK : Ross Johnston
Extra Defensemen
Normal : Jeremy Davies, Calle Andersson, Zach Whitecloud - PP : Jeremy Davies - PK : Calle Andersson, Zach Whitecloud
Penalty Shots
Stefan Matteau, Andrew Mangiapane, Mikhail Grigorenko, Michael Chaput, Hudson Fasching
Scratches
J.T. Brown (Healthy), Nikita Scherbak (Healthy), Patrick Sieloff (Right Knee Injury), Dillon Dube (Healthy), Jackson Cates (Healthy)
Andrew Poturalski (Healthy), Michael Giugovaz (Healthy), Jack LaFontaine (Healthy)
% Time on Ice - Monsters
Lines # - Real PCT - Wanted PCT - Time Play
Normal Forward
1 - 32% - 40% - 14:15
2 - 29% - 30% - 12:33
3 - 23% - 20% - 10:13
4 - 16% - 10% - 6:56
Normal Defense
1 - 41% - 40% - 17:54
2 - 32% - 30% - 14:06
3 - 23% - 20% - 10:10
4 - 4% - 10% - 1:47
PP Forward
1 - 57% - 60% - 2:36
2 - 43% - 40% - 1:56
PP Defense
1 - 65% - 60% - 2:58
2 - 35% - 40% - 1:34
PK Forward
1 - 74% - 60% - 8:28
2 - 26% - 40% - 3:03
PK Defense
1 - 62% - 60% - 7:05
2 - 38% - 40% - 4:26
PK3 Forward
1 - 0% - 60%
2 - 0% - 40%
PK3 Defense
1 - 0% - 60%
2 - 0% - 40%
44 Forward
1 - 0% - 60%
2 - 0% - 40%
44 Defense
1 - 0% - 60%
2 - 0% - 40%
Last Minute Offensive - 0:00
Last Minute Defensive - 0:00
Total
Forward - 60:00
Defense - 60:00
|
% Time on Ice - Icehogs
Lines # - Real PCT - Wanted PCT - Time Play
Normal Forward
1 - 34% - 40% - 14:45
2 - 29% - 30% - 12:41
3 - 25% - 20% - 11:06
4 - 12% - 10% - 5:25
Normal Defense
1 - 38% - 40% - 16:53
2 - 32% - 30% - 14:11
3 - 23% - 20% - 10:00
4 - 7% - 10% - 2:53
PP Forward
1 - 53% - 60% - 6:03
2 - 47% - 40% - 5:28
PP Defense
1 - 66% - 60% - 7:34
2 - 34% - 40% - 3:57
PK Forward
1 - 75% - 60% - 3:25
2 - 25% - 40% - 1:07
PK Defense
1 - 67% - 60% - 3:03
2 - 33% - 40% - 1:29
PK3 Forward
1 - 0% - 60%
2 - 0% - 40%
PK3 Defense
1 - 0% - 60%
2 - 0% - 40%
44 Forward
1 - 0% - 60%
2 - 0% - 40%
44 Defense
1 - 0% - 60%
2 - 0% - 40%
Last Minute Offensive - 0:00
Last Minute Defensive - 0:00
Total
Forward - 60:00
Defense - 60:00
|
Play-by-Play
1st period
0:01 of 1st period - Zac Dalpe wins face-off versus Michael Chaput in neutral zone.
0:06 of 1st period - Slapshot by Aaron Ness.
0:06 of 1st period - Deflect By Zac Dalpe.
0:06 of 1st period - Stopped by Mark Visentin with a rebound.
0:31 of 1st period - Clark Bishop is hit by Matt Grzelcyk and loses puck.
0:38 of 1st period - Jared Knight is hit by Nick Mattson and loses puck.
1:26 of 1st period - Slapshot by Nick Paul.
1:26 of 1st period - Stopped by Maxime Lagace without a rebound.
1:27 of 1st period - Stefan Matteau wins face-off versus Zac Dalpe in Monsters zone.
2:12 of 1st period - Wrist shot by Ryan Fitzgerald.
2:12 of 1st period - Stopped by Mark Visentin with a rebound.
2:36 of 1st period - Snap shot by Justin Bailey.
2:36 of 1st period - Stopped by Mark Visentin without a rebound.
2:37 of 1st period - Zac Dalpe wins face-off versus Clark Bishop in Icehogs zone.
2:40 of 1st period - Wrist shot by Justin Bailey.
2:40 of 1st period - Shot Misses the Net.
3:11 of 1st period - Snap shot by Mikhail Grigorenko.
3:11 of 1st period - Shot Misses the Net.
3:22 of 1st period - Icing by Matt Grzelcyk.
3:23 of 1st period - Jared Knight wins face-off versus Michael Chaput in Monsters zone.
3:23 of 1st period - Jared Knight is hit by Mike Reilly.
3:55 of 1st period - Minor Penalty to Mike Reilly for Holding.
3:56 of 1st period - Zac Dalpe wins face-off versus Stefan Matteau in Icehogs zone.
4:33 of 1st period - Dillon Heatherington is hit by Mikhail Grigorenko and loses puck.
5:52 of 1st period - Nick Mattson is hit by Trevor Moore and loses puck.
5:55 of 1st period - Penalty to Mike Reilly is over, Mike Reilly is back on ice.
7:56 of 1st period - Off-side.
7:57 of 1st period - Andrew Mangiapane wins face-off versus Zac Dalpe in neutral zone.
8:08 of 1st period - Snap shot by Andrew Mangiapane.
8:08 of 1st period - Stopped by Maxime Lagace with a rebound.
8:20 of 1st period - Wrist shot by Mikhail Grigorenko.
8:20 of 1st period - Shot Misses the Net.
8:22 of 1st period - Slapshot by Mikhail Grigorenko.
8:22 of 1st period - Stopped by Maxime Lagace without a rebound.
8:23 of 1st period - Jared Knight wins face-off versus Kristian Reichel in Monsters zone.
8:28 of 1st period - Snap shot by Gerald Mayhew.
8:28 of 1st period - Shot Blocked by Mike Reilly.
8:30 of 1st period - Snap shot by Jared Knight.
8:30 of 1st period - Shot Blocked by Nick Mattson.
8:32 of 1st period - Slapshot by Aaron Ness.
8:32 of 1st period - Deflect By Jared Knight.
8:32 of 1st period - Shot Misses the Net.
8:32 of 1st period - Puck is out of play.
8:33 of 1st period - Jared Knight wins face-off versus Michael Chaput in Icehogs zone.
8:34 of 1st period - Slapshot by Jakub Vrana.
8:34 of 1st period - Stopped by Mark Visentin with a rebound.
8:40 of 1st period - Jared Knight is hit by Hudson Fasching and loses puck.
8:59 of 1st period - Nick Mattson is hit by Dillon Heatherington and loses puck.
9:06 of 1st period - Wrist shot by Jakub Vrana.
9:06 of 1st period - Deflect By Jared Knight.
9:06 of 1st period - Stopped by Mark Visentin with a rebound.
9:10 of 1st period - Snap shot by Jakub Vrana.
9:10 of 1st period - Stopped by Mark Visentin without a rebound.
9:11 of 1st period - Zac Dalpe wins face-off versus Michael Chaput in Icehogs zone.
9:16 of 1st period - Snap shot by Justin Bailey.
9:16 of 1st period - Shot Misses the Net.
9:18 of 1st period - Snap shot by Justin Bailey.
9:18 of 1st period - Stopped by Mark Visentin with a rebound.
9:36 of 1st period - Ryan Fitzgerald is hit by Andrew Mangiapane and loses puck.
9:43 of 1st period - Slapshot by Andrew Mangiapane.
9:43 of 1st period - Stopped by Maxime Lagace without a rebound.
9:44 of 1st period - Zac Dalpe wins face-off versus Michael Chaput in Monsters zone.
9:49 of 1st period - Stefan Matteau is hit by Zac Dalpe.
10:19 of 1st period - Snap shot by Ryan Fitzgerald.
10:19 of 1st period - Stopped by Mark Visentin with a rebound.
10:49 of 1st period - Nick Mattson is hit by Jared Knight and loses puck.
11:32 of 1st period - Wrist shot by Ryan Fitzgerald.
11:32 of 1st period - Shot Hit the Post.
11:50 of 1st period - Wrist shot by Stefan Matteau.
11:50 of 1st period - Stopped by Maxime Lagace with a rebound.
11:52 of 1st period - Minor Penalty to Matt Grzelcyk for Holding.
11:53 of 1st period - Zac Dalpe wins face-off versus Michael Chaput in Monsters zone.
13:52 of 1st period - Penalty to Matt Grzelcyk is over, Matt Grzelcyk is back on ice.
14:06 of 1st period - Slapshot by Matt Grzelcyk.
14:06 of 1st period - Shot Misses the Net.
14:28 of 1st period - Snap shot by Richard Nejezchleb.
14:28 of 1st period - Deflect By Ryan Fitzgerald.
14:28 of 1st period - Stopped by Mark Visentin without a rebound.
14:29 of 1st period - Maxim Mamin wins face-off versus Kristian Reichel in Icehogs zone.
14:41 of 1st period - Duncan Siemens is hit by Joakim Nordstrom and loses puck.
15:03 of 1st period - Snap shot by Nick Mattson.
15:03 of 1st period - Stopped by Maxime Lagace with a rebound.
15:47 of 1st period - Jeremy Davies is hit by Joakim Nordstrom and loses puck.
17:16 of 1st period - Jesse Graham is hit by Andrew Mangiapane and loses puck.
17:51 of 1st period - Snap shot by Jakub Vrana.
17:51 of 1st period - Stopped by Mark Visentin with a rebound.
18:22 of 1st period - Snap shot by Kurtis Gabriel.
18:22 of 1st period - Stopped by Maxime Lagace without a rebound.
18:23 of 1st period - Stefan Matteau wins face-off versus Zac Dalpe in Monsters zone.
18:24 of 1st period - Snap shot by Michael Chaput.
18:24 of 1st period - Stopped by Maxime Lagace with a rebound.
18:32 of 1st period - Slapshot by Austin Watson.
18:32 of 1st period - Stopped by Mark Visentin without a rebound.
18:33 of 1st period - Michael Chaput wins face-off versus Zac Dalpe in Icehogs zone.
18:48 of 1st period - Wrist shot by Aaron Ness.
18:48 of 1st period - Stopped by Mark Visentin without a rebound.
18:49 of 1st period - Jared Knight wins face-off versus Clark Bishop in Icehogs zone.
18:57 of 1st period - Icing by Andrew Mangiapane.
18:58 of 1st period - Clark Bishop wins face-off versus Jared Knight in Icehogs zone.
19:03 of 1st period - Wrist shot by Jared Knight.
19:03 of 1st period - Shot Misses the Net.
19:05 of 1st period - Wrist shot by Jakub Vrana.
19:05 of 1st period - Shot Misses the Net.
19:31 of 1st period - Snap shot by Kurtis Gabriel.
19:31 of 1st period - Shot Misses the Net.
19:43 of 1st period - Gerald Mayhew is hit by Nick Mattson and loses puck.
19:50 of 1st period - Snap shot by Kurtis Gabriel.
19:50 of 1st period - Shot Blocked by Aaron Ness.
Goals for this period are 0 for Monsters vs 0 for Icehogs.
Shots for this period are 12 for Monsters vs 8 for Icehogs.
2nd period
0:01 of 2nd period - Michael Chaput wins face-off versus Zac Dalpe in neutral zone.
0:10 of 2nd period - Wrist shot by Justin Bailey.
0:10 of 2nd period - Shot Blocked by Stefan Matteau.
0:12 of 2nd period - Snap shot by Zac Dalpe.
0:12 of 2nd period - Shot Misses the Net.
0:14 of 2nd period - Wrist shot by Zac Dalpe.
0:14 of 2nd period - Shot Blocked by Julius Honka.
0:16 of 2nd period - Snap shot by Austin Watson.
0:16 of 2nd period - Deflect By Justin Bailey.
0:16 of 2nd period - Shot Misses the Net.
0:16 of 2nd period - Puck is out of play.
0:17 of 2nd period - Gerald Mayhew wins face-off versus Clark Bishop in Icehogs zone.
0:24 of 2nd period - Slapshot by Aaron Ness.
0:24 of 2nd period - Stopped by Mark Visentin with a rebound.
0:26 of 2nd period - Slapshot by Aaron Ness.
0:26 of 2nd period - Shot Blocked by Julius Honka.
0:28 of 2nd period - Wrist shot by Gerald Mayhew.
0:28 of 2nd period - Shot Blocked by Kurtis Gabriel.
0:30 of 2nd period - Snap shot by Jakub Vrana.
0:30 of 2nd period - Shot Misses the Net.
0:32 of 2nd period - Wrist shot by Jared Knight.
0:32 of 2nd period - Shot Misses the Net.
1:09 of 2nd period - Snap shot by Patrick Russell.
1:09 of 2nd period - Shot Blocked by Ryan Fitzgerald.
1:25 of 2nd period - Off-side.
1:26 of 2nd period - Michael Chaput wins face-off versus Maxim Mamin in neutral zone.
1:39 of 2nd period - Slapshot by Joakim Nordstrom.
1:39 of 2nd period - Stopped by Mark Visentin with a rebound.
1:41 of 2nd period - Snap shot by Aaron Ness.
1:41 of 2nd period - Stopped by Mark Visentin with a rebound.
2:33 of 2nd period - Icing by Richard Nejezchleb.
2:34 of 2nd period - Stefan Matteau wins face-off versus Ryan Fitzgerald in Monsters zone.
2:45 of 2nd period - Backhand shot by Stefan Matteau.
2:45 of 2nd period - Stopped by Maxime Lagace with a rebound.
3:49 of 2nd period - Snap shot by Stefan Matteau.
3:49 of 2nd period - Shot Blocked by Marc Michaelis.
3:51 of 2nd period - Slapshot by Nick Mattson.
3:51 of 2nd period - Stopped by Maxime Lagace without a rebound.
3:52 of 2nd period - Michael Chaput wins face-off versus Zac Dalpe in Monsters zone.
4:02 of 2nd period - Off-side.
4:03 of 2nd period - Justin Bailey wins face-off versus Michael Chaput in neutral zone.
4:07 of 2nd period - Minor Penalty to Aaron Ness for Hooking.
4:08 of 2nd period - Zac Dalpe wins face-off versus Stefan Matteau in Monsters zone.
4:15 of 2nd period - Slapshot by Justin Bailey.
4:15 of 2nd period - Shot Misses the Net.
4:21 of 2nd period - Slapshot by Zac Dalpe.
4:21 of 2nd period - Stopped by Mark Visentin with a rebound.
4:41 of 2nd period - Snap shot by Kurtis Gabriel.
4:41 of 2nd period - Stopped by Maxime Lagace with a rebound.
4:43 of 2nd period - Wrist shot by Andrew Mangiapane.
4:43 of 2nd period - Stopped by Maxime Lagace with a rebound.
5:41 of 2nd period - Dillon Heatherington is hit by Kurtis Gabriel and loses puck.
5:58 of 2nd period - Nick Mattson is hit by Justin Bailey and loses puck.
6:07 of 2nd period - Penalty to Aaron Ness is over, Aaron Ness is back on ice.
6:43 of 2nd period - Jeremy Davies is hit by Carl Grundstrom and loses puck.
6:58 of 2nd period - Mikhail Grigorenko is hit by Dillon Heatherington and loses puck.
7:25 of 2nd period - Austin Watson is hit by Andrew Mangiapane and loses puck.
7:36 of 2nd period - Snap shot by Stefan Matteau.
7:36 of 2nd period - Shot Misses the Net.
7:38 of 2nd period - Snap shot by Nick Mattson.
7:38 of 2nd period - Stopped by Maxime Lagace without a rebound.
7:39 of 2nd period - Stefan Matteau wins face-off versus Ryan Fitzgerald in Monsters zone.
8:00 of 2nd period - Zach Whitecloud is hit by Austin Watson and loses puck.
8:09 of 2nd period - Slapshot by Austin Watson.
8:09 of 2nd period - Stopped by Mark Visentin without a rebound.
8:10 of 2nd period - Michael Chaput wins face-off versus Justin Bailey in Icehogs zone.
8:15 of 2nd period - Slapshot by Michael Chaput.
8:15 of 2nd period - Stopped by Maxime Lagace with a rebound.
8:17 of 2nd period - Slapshot by Duncan Siemens.
8:17 of 2nd period - Shot Misses the Net.
8:19 of 2nd period - Slapshot by Duncan Siemens.
8:19 of 2nd period - Deflect By Aaron Ness.
8:19 of 2nd period - Stopped by Maxime Lagace with a rebound.
8:21 of 2nd period - Wrist shot by Hudson Fasching.
8:21 of 2nd period - Shot Misses the Net.
8:23 of 2nd period - Snap shot by Michael Chaput.
8:23 of 2nd period - Stopped by Maxime Lagace with a rebound.
8:25 of 2nd period - Wrist shot by Hudson Fasching.
8:25 of 2nd period - Stopped by Maxime Lagace with a rebound.
9:21 of 2nd period - Snap shot by Michael Chaput.
9:21 of 2nd period - Shot Blocked by Ryan Fitzgerald.
9:37 of 2nd period - Julius Honka is hit by Austin Watson.
10:35 of 2nd period - Wrist shot by Marc Michaelis.
10:35 of 2nd period - Shot Blocked by Kurtis Gabriel.
10:37 of 2nd period - Slapshot by Matt Grzelcyk.
10:37 of 2nd period - Shot Misses the Net.
10:41 of 2nd period - Wrist shot by Marc Michaelis.
10:41 of 2nd period - Stopped by Mark Visentin without a rebound.
10:42 of 2nd period - Zac Dalpe wins face-off versus Kristian Reichel in Icehogs zone.
10:43 of 2nd period - Snap shot by Austin Watson.
10:43 of 2nd period - Shot Misses the Net.
10:49 of 2nd period - Snap shot by Justin Bailey.
10:49 of 2nd period - Shot Blocked by Patrick Russell.
11:16 of 2nd period - Slapshot by Hudson Fasching.
11:16 of 2nd period - Stopped by Maxime Lagace with a rebound.
11:55 of 2nd period - Slapshot by Justin Bailey.
11:55 of 2nd period - Stopped by Mark Visentin with a rebound.
11:57 of 2nd period - Wrist shot by Austin Watson.
11:57 of 2nd period - Stopped by Mark Visentin with a rebound.
12:39 of 2nd period - Wrist shot by Kurtis Gabriel.
12:39 of 2nd period - Stopped by Maxime Lagace with a rebound.
12:41 of 2nd period - Slapshot by Julius Honka.
12:41 of 2nd period - Stopped by Maxime Lagace without a rebound.
12:42 of 2nd period - Zac Dalpe wins face-off versus Kurtis Gabriel in Monsters zone.
12:58 of 2nd period - Wrist shot by Kurtis Gabriel.
12:58 of 2nd period - Stopped by Maxime Lagace without a rebound.
12:59 of 2nd period - Michael Chaput wins face-off versus Jared Knight in Monsters zone.
13:08 of 2nd period - Snap shot by Michael Chaput.
13:08 of 2nd period - Deflect By Stefan Matteau.
13:08 of 2nd period - Stopped by Maxime Lagace without a rebound.
13:09 of 2nd period - Michael Chaput wins face-off versus Gerald Mayhew in Monsters zone.
13:18 of 2nd period - Wrist shot by Michael Chaput.
13:18 of 2nd period - Stopped by Maxime Lagace without a rebound.
13:19 of 2nd period - Austin Watson wins face-off versus Michael Chaput in Monsters zone.
13:19 of 2nd period - Zac Dalpe is hit by Nick Mattson.
13:33 of 2nd period - Minor Penalty to Nick Mattson for Interference.
13:34 of 2nd period - Austin Watson wins face-off versus Stefan Matteau in Icehogs zone.
15:33 of 2nd period - Penalty to Nick Mattson is over, Nick Mattson is back on ice.
15:41 of 2nd period - Wrist shot by Mikhail Grigorenko.
15:41 of 2nd period - Stopped by Maxime Lagace with a rebound.
15:43 of 2nd period - Slapshot by Calle Andersson.
15:43 of 2nd period - Shot Misses the Net.
15:45 of 2nd period - Wrist shot by Mikhail Grigorenko.
15:45 of 2nd period - Goal by Mikhail Grigorenko - Monsters : 0 - Icehogs : 1.
15:46 of 2nd period - Jared Knight wins face-off versus Michael Chaput in neutral zone.
15:57 of 2nd period - Snap shot by Stefan Matteau.
15:57 of 2nd period - Shot Blocked by Jared Knight.
15:59 of 2nd period - Snap shot by Michael Chaput.
15:59 of 2nd period - Stopped by Maxime Lagace without a rebound.
16:00 of 2nd period - Michael Chaput wins face-off versus Zac Dalpe in Monsters zone.
16:03 of 2nd period - Snap shot by Stefan Matteau.
16:03 of 2nd period - Deflect By Hudson Fasching.
16:03 of 2nd period - Shot Misses the Net.
16:03 of 2nd period - Puck is out of play.
16:04 of 2nd period - Michael Chaput wins face-off versus Zac Dalpe in Monsters zone.
16:11 of 2nd period - Snap shot by Hudson Fasching.
16:11 of 2nd period - Stopped by Maxime Lagace without a rebound.
16:12 of 2nd period - Michael Chaput wins face-off versus Justin Bailey in Monsters zone.
16:15 of 2nd period - Wrist shot by Stefan Matteau.
16:15 of 2nd period - Stopped by Maxime Lagace without a rebound.
16:16 of 2nd period - Zac Dalpe wins face-off versus Stefan Matteau in Monsters zone.
16:49 of 2nd period - Slapshot by Jared Knight.
16:49 of 2nd period - Stopped by Mark Visentin without a rebound.
16:50 of 2nd period - Justin Bailey wins face-off versus Michael Chaput in Icehogs zone.
16:54 of 2nd period - Minor Penalty to Zac Dalpe for Tripping.
16:55 of 2nd period - Michael Chaput wins face-off versus Nathan Noel in Monsters zone.
17:26 of 2nd period - Slapshot by Nick Mattson.
17:26 of 2nd period - Shot Blocked by Aaron Ness.
17:28 of 2nd period - Wrist shot by Andrew Mangiapane.
17:28 of 2nd period - Goal by Andrew Mangiapane - Monsters : 0 - Icehogs : 2.
17:29 of 2nd period - Michael Chaput wins face-off versus Zac Dalpe in neutral zone.
17:38 of 2nd period - Snap shot by Michael Chaput.
17:38 of 2nd period - Stopped by Maxime Lagace without a rebound.
17:39 of 2nd period - Zac Dalpe wins face-off versus Michael Chaput in Monsters zone.
18:06 of 2nd period - Wrist shot by Zac Dalpe.
18:06 of 2nd period - Shot Blocked by Mike Reilly.
18:08 of 2nd period - Wrist shot by Austin Watson.
18:08 of 2nd period - Goal by Austin Watson - Monsters : 1 - Icehogs : 2.
18:09 of 2nd period - Austin Watson wins face-off versus Michael Chaput in neutral zone.
19:12 of 2nd period - Minor Penalty to Andrew Mangiapane for Interference.
19:13 of 2nd period - Zac Dalpe wins face-off versus Stefan Matteau in Icehogs zone.
19:18 of 2nd period - Wrist shot by Zac Dalpe.
19:18 of 2nd period - Stopped by Mark Visentin with a rebound.
19:20 of 2nd period - Backhand shot by Austin Watson.
19:20 of 2nd period - Deflect By Zac Dalpe.
19:20 of 2nd period - Shot Misses the Net.
19:20 of 2nd period - Puck is out of play.
19:21 of 2nd period - Zac Dalpe wins face-off versus Stefan Matteau in Icehogs zone.
19:46 of 2nd period - Snap shot by Jared Knight.
19:46 of 2nd period - Goal by Jared Knight - Monsters : 2 - Icehogs : 2.
19:47 of 2nd period - Michael Chaput wins face-off versus Zac Dalpe in neutral zone.
Goals for this period are 2 for Monsters vs 2 for Icehogs.
Shots for this period are 12 for Monsters vs 22 for Icehogs.
3rd period
0:01 of 3rd period - Michael Chaput wins face-off versus Zac Dalpe in neutral zone.
0:03 of 3rd period - Off-side.
0:04 of 3rd period - Justin Bailey wins face-off versus Michael Chaput in neutral zone.
0:16 of 3rd period - Snap shot by Stefan Matteau.
0:16 of 3rd period - Deflect By Michael Chaput.
0:16 of 3rd period - Stopped by Maxime Lagace without a rebound.
0:17 of 3rd period - Michael Chaput wins face-off versus Zac Dalpe in Monsters zone.
0:30 of 3rd period - Snap shot by Hudson Fasching.
0:30 of 3rd period - Stopped by Maxime Lagace with a rebound.
0:42 of 3rd period - Dillon Heatherington is hit by Mike Reilly and loses puck.
1:09 of 3rd period - Slapshot by Richard Nejezchleb.
1:09 of 3rd period - Shot Blocked by Duncan Siemens.
1:11 of 3rd period - Snap shot by Ryan Fitzgerald.
1:11 of 3rd period - Deflect By Mikhail Grigorenko.
1:11 of 3rd period - Shot Misses the Net.
1:11 of 3rd period - Puck is out of play.
1:12 of 3rd period - Michael Chaput wins face-off versus Zac Dalpe in Icehogs zone.
1:17 of 3rd period - Snap shot by Hudson Fasching.
1:17 of 3rd period - Shot Misses the Net.
1:25 of 3rd period - Snap shot by Zac Dalpe.
1:25 of 3rd period - Shot Blocked by Hudson Fasching.
1:27 of 3rd period - Snap shot by Zac Dalpe.
1:27 of 3rd period - Deflect By Justin Bailey.
1:27 of 3rd period - Shot Misses the Net.
1:27 of 3rd period - Puck is out of play.
1:28 of 3rd period - Jared Knight wins face-off versus Clark Bishop in Icehogs zone.
1:53 of 3rd period - Hudson Fasching is hit by Austin Watson and loses puck.
2:36 of 3rd period - Minor Penalty to Aaron Ness for Roughing.
2:37 of 3rd period - Zac Dalpe wins face-off versus Michael Chaput in Monsters zone.
2:37 of 3rd period - Zac Dalpe is hit by Julius Honka.
2:49 of 3rd period - Jesse Graham is hit by Hudson Fasching and loses puck.
3:08 of 3rd period - Matt Grzelcyk is hit by Mike Reilly and loses puck.
4:31 of 3rd period - Stefan Matteau is hit by Jakub Vrana and loses puck.
4:36 of 3rd period - Penalty to Aaron Ness is over, Aaron Ness is back on ice.
4:44 of 3rd period - Duncan Siemens is hit by Ryan Fitzgerald and loses puck.
5:11 of 3rd period - Myles Bell is hit by Joakim Nordstrom and loses puck.
5:24 of 3rd period - Duncan Siemens is hit by Jakub Vrana and loses puck.
6:19 of 3rd period - Snap shot by Joakim Nordstrom.
6:19 of 3rd period - Shot Misses the Net.
6:48 of 3rd period - Matt Grzelcyk is hit by JJ. Piccinich and loses puck.
7:01 of 3rd period - Wrist shot by Hudson Fasching.
7:01 of 3rd period - Deflect By Michael Chaput.
7:01 of 3rd period - Shot Misses the Net.
7:01 of 3rd period - Puck is out of play.
7:02 of 3rd period - Michael Chaput wins face-off versus Zac Dalpe in Monsters zone.
7:17 of 3rd period - Justin Bailey is hit by Hudson Fasching and loses puck.
7:37 of 3rd period - Snap shot by Hudson Fasching.
7:37 of 3rd period - Stopped by Maxime Lagace with a rebound.
7:47 of 3rd period - Slapshot by Austin Watson.
7:47 of 3rd period - Stopped by Mark Visentin with a rebound.
8:19 of 3rd period - Backhand shot by Justin Bailey.
8:19 of 3rd period - Stopped by Mark Visentin without a rebound.
8:20 of 3rd period - Jared Knight wins face-off versus Clark Bishop in Icehogs zone.
8:59 of 3rd period - Mikhail Grigorenko is hit by Marc Michaelis and loses puck.
9:48 of 3rd period - Nick Mattson is hit by Marc Michaelis and loses puck.
10:01 of 3rd period - Duncan Siemens is hit by Joakim Nordstrom and loses puck.
10:14 of 3rd period - Duncan Siemens is hit by Jakub Vrana and loses puck.
10:31 of 3rd period - Kurtis Gabriel is hit by Dillon Heatherington and loses puck.
11:09 of 3rd period - Jared Knight is hit by Hudson Fasching and loses puck.
11:24 of 3rd period - Calle Andersson is hit by Justin Bailey and loses puck.
11:59 of 3rd period - Zach Whitecloud is hit by Victor Mete and loses puck.
12:14 of 3rd period - Austin Watson is hit by Kristian Reichel and loses puck.
12:25 of 3rd period - Snap shot by Joakim Nordstrom.
12:25 of 3rd period - Stopped by Mark Visentin without a rebound.
12:26 of 3rd period - Maxim Mamin wins face-off versus Clark Bishop in Icehogs zone.
12:31 of 3rd period - Snap shot by Joakim Nordstrom.
12:31 of 3rd period - Shot Misses the Net.
12:33 of 3rd period - Slapshot by Maxim Mamin.
12:33 of 3rd period - Shot Misses the Net.
12:39 of 3rd period - Snap shot by Maxim Mamin.
12:39 of 3rd period - Shot Misses the Net.
12:41 of 3rd period - Wrist shot by Maxim Mamin.
12:41 of 3rd period - Shot Blocked by Julius Honka.
12:57 of 3rd period - Snap shot by Zac Dalpe.
12:57 of 3rd period - Shot Misses the Net.
13:39 of 3rd period - Minor Penalty to Gerald Mayhew for Roughing.
13:40 of 3rd period - Zac Dalpe wins face-off versus Clark Bishop in Monsters zone.
13:48 of 3rd period - Slapshot by Mike Reilly.
13:48 of 3rd period - Deflect By Clark Bishop.
13:48 of 3rd period - Shot Blocked by Justin Bailey.
13:48 of 3rd period - Puck is out of play.
13:49 of 3rd period - Clark Bishop wins face-off versus Zac Dalpe in Monsters zone.
14:04 of 3rd period - Slapshot by Justin Bailey.
14:04 of 3rd period - Shot Blocked by Nick Mattson.
14:22 of 3rd period - Snap shot by Stefan Matteau.
14:22 of 3rd period - Goal by Stefan Matteau - Monsters : 2 - Icehogs : 3.
14:23 of 3rd period - Jared Knight wins face-off versus Michael Chaput in neutral zone.
14:30 of 3rd period - Minor Penalty to Jared Knight for Hooking.
14:31 of 3rd period - Michael Chaput wins face-off versus Zac Dalpe in Monsters zone.
14:33 of 3rd period - Snap shot by Stefan Matteau.
14:33 of 3rd period - Deflect By Michael Chaput.
14:33 of 3rd period - Shot Blocked by Aaron Ness.
14:33 of 3rd period - Puck is out of play.
14:34 of 3rd period - Michael Chaput wins face-off versus Zac Dalpe in Monsters zone.
15:13 of 3rd period - Austin Watson is hit by Andrew Mangiapane and loses puck.
16:30 of 3rd period - Penalty to Jared Knight is over, Jared Knight is back on ice.
16:37 of 3rd period - Snap shot by Mikhail Grigorenko.
16:37 of 3rd period - Shot Misses the Net.
16:39 of 3rd period - Slapshot by Jeremy Davies.
16:39 of 3rd period - Stopped by Maxime Lagace with a rebound.
16:41 of 3rd period - Slapshot by Patrick Russell.
16:41 of 3rd period - Stopped by Maxime Lagace with a rebound.
16:43 of 3rd period - Wrist shot by Patrick Russell.
16:43 of 3rd period - Stopped by Maxime Lagace without a rebound.
16:44 of 3rd period - Ryan Fitzgerald wins face-off versus Kristian Reichel in Monsters zone.
16:44 of 3rd period - Ryan Fitzgerald is hit by Kristian Reichel.
17:09 of 3rd period - Calle Andersson is hit by Carl Grundstrom and loses puck.
17:14 of 3rd period - Snap shot by Joakim Nordstrom.
17:14 of 3rd period - Stopped by Mark Visentin without a rebound.
17:15 of 3rd period - Michael Chaput wins face-off versus Maxim Mamin in Icehogs zone.
17:32 of 3rd period - Wrist shot by Joakim Nordstrom.
17:32 of 3rd period - Shot Misses the Net.
17:40 of 3rd period - Icing by Michael Chaput.
17:41 of 3rd period - Michael Chaput wins face-off versus Ryan Fitzgerald in Icehogs zone.
17:41 of 3rd period - Double Minor Penalty to Ryan Fitzgerald for Slashing.
17:42 of 3rd period - Zac Dalpe wins face-off versus Michael Chaput in Monsters zone.
17:53 of 3rd period - Backhand shot by Stefan Matteau.
17:53 of 3rd period - Stopped by Maxime Lagace without a rebound.
17:54 of 3rd period - Michael Chaput wins face-off versus Zac Dalpe in Monsters zone.
19:02 of 3rd period - Andrew Mangiapane is hit by Austin Watson and loses puck.
19:21 of 3rd period - Slapshot by Nick Mattson.
19:21 of 3rd period - Stopped by Maxime Lagace without a rebound.
19:22 of 3rd period - Guy Carbonneau call a timeout for Monsters.
19:22 of 3rd period - Hudson Fasching wins face-off versus Nathan Noel in Monsters zone.
19:27 of 3rd period - Snap shot by Michael Chaput.
19:27 of 3rd period - Deflect By Stefan Matteau.
19:27 of 3rd period - Stopped by Maxime Lagace with a rebound.
19:29 of 3rd period - Wrist shot by Stefan Matteau.
19:29 of 3rd period - Stopped by Maxime Lagace with a rebound.
19:37 of 3rd period - Wrist shot by Stefan Matteau.
19:37 of 3rd period - Shot Misses the Net.
Goals for this period are 0 for Monsters vs 1 for Icehogs.
Shots for this period are 4 for Monsters vs 11 for Icehogs.